 Dungeon Crawl Stone Soup version 0.19.0-11-g3fc08b3 (webtiles) character file.

7526 nubinia the Geomancer (level 11, -5/59 HPs)
             Began as a Gargoyle Earth Elementalist on Nov 9, 2016.
             Was a High Priest of Zin.
             Slain by an unseen horror (8 damage)
             ... on level 10 of the Dungeon.
             The game lasted 01:03:06 (11886 turns).

nubinia the Geomancer (GrEE)                       Turns: 11886, Time: 01:03:07

Health: -5/59      AC: 14    Str: 12    XL:     11   Next: 16%
Magic:  28/39      EV: 13    Int: 19    God:    Zin [*****.]
Gold:   319        SH:  0    Dex: 10    Spells: 7 memorised, 11 levels left

rFire  . . .     SeeInvis .     b - staff of power
rCold  . . .     Gourm    .     c - +1 robe
rNeg   + . .     Faith    .     (no shield)
rPois  ∞         Spirit   .     E - +0 helmet
rElec  +         Reflect  .     T - +1 cloak
rCorr  +         Harm     .     (no gloves)
MR     .....                    C - +0 pair of boots
Stlth  ++........               (no amulet)
                                u - ring of resist corrosion
                                l - ring of flight

@: very slightly contaminated
A: negative energy resistance 1, electricity resistance, unbreathing,
petrification resistance, rot immunity, AC +7
a: Recite, Vitalisation, Imprison, Sanctuary, Donate Gold, Renounce Religion,
Evoke Flight


You were on level 10 of the Dungeon.
You worshipped Zin.
Zin was extremely pleased with you.
You were hungry.

You visited 2 branches of the dungeon, and saw 11 of its levels.
You also visited: Bailey.

You collected 910 gold pieces.
You spent 500 gold pieces at shops.
You donated 91 gold pieces to Zin.

Inventory:

Hand Weapons
 a - the +8 mithril axe "Arga" {speed, MR+}
   (You found it in a bailey)

   Attacks with this weapon are significantly faster.
   It affects your resistance to hostile enchantments.
 j - a +0 club
 n - a +0 blowgun
 J - a +1 whip
 M - a +0 whip of flaming
Missiles
 o - 64 poisoned needles
 t - 33 tomahawks of returning
 B - 167 stones (quivered)
Armour
 c - a +1 robe (worn)
 C - a +0 pair of boots (worn)
 D - a +0 cloak
 E - a +0 helmet (worn)
 T - a +1 cloak (worn)
Magical Staves
 b - an uncursed staff of power (weapon)
Jewellery
 l - a ring of flight (left hand)
 u - a ring of resist corrosion (right hand)
Wands
 q - a wand of iceblast (12/15)
 w - a wand of flame (30/48)
 L - a wand of lightning (5/15)
Scrolls
 f - 2 scrolls of magic mapping
 h - 3 scrolls of remove curse
 p - 6 scrolls of identify
 x - a scroll of amnesia
 G - a scroll of enchant armour
 R - a scroll of teleportation
 U - a scroll of recharging
Potions
 i - 3 potions of curing
 k - 2 potions of lignification
 m - a potion of magic
 r - a potion of brilliance
 s - a potion of flight {unknown}
 z - a potion of invisibility {unknown}
 A - a potion of mutation
 F - 2 potions of agility
 H - a potion of haste
 K - a potion of berserk rage {unknown}
 Q - a potion of might
Books
 e - a book of Geomancy

   Spells                             Type                      Level
   a - Sandblast                      Earth                        1
   b - Passwall                       Transmutation/Earth          2
   c - Stone Arrow                    Conjuration/Earth            3
   d - Petrify                        Transmutation/Earth          4
   e - Lee's Rapid Deconstruction     Earth                        5
 v - a book of Callings

   Spells                             Type                      Level
   a - Summon Small Mammal            Summoning                    1
   b - Call Imp                       Summoning                    2
   c - Call Canine Familiar           Summoning                    3
   d - Summon Guardian Golem          Hexes/Summoning              3
   e - Summon Lightning Spire         Summoning/Air                4
   f - Summon Ice Beast               Ice/Summoning                4
 y - a book of Minor Magic

   Spells                             Type                      Level
   a - Magic Dart                     Conjuration                  1
   b - Blink                          Translocation                2
   c - Call Imp                       Summoning                    2
   d - Repel Missiles                 Charms/Air                   2
   e - Slow                           Hexes                        2
   f - Conjure Flame                  Conjuration/Fire             3
   g - Mephitic Cloud                 Conjuration/Poison/Air       3
 P - a book of Conjurations

   Spells                             Type                      Level
   a - Magic Dart                     Conjuration                  1
   b - Searing Ray                    Conjuration                  2
   c - Dazzling Spray                 Conjuration/Hexes            3
   d - Fulminant Prism                Conjuration/Hexes            4
   e - Iskenderun's Mystic Blast      Conjuration                  4
   f - Iskenderun's Battlesphere      Conjuration/Charms           5
Comestibles
 d - 7 bread rations
 g - 10 slices of pizza
 N - a royal jelly
 O - 3 beef jerkies
 S - a meat ration


   Skills:
 + Level 2.7 Fighting
 + Level 5.3(5.4) Axes
 + Level 1.5(4.0) Maces & Flails
 + Level 0.6(1.2) Staves
 + Level 3.2 Dodging
 + Level 4.3 Stealth
 + Level 9.2 Spellcasting
 + Level 6.1 Conjurations
 + Level 0.5 Charms
 + Level 0.7 Transmutations
 + Level 1.4 Air Magic
 + Level 10.2 Earth Magic
 + Level 1.8 Poison Magic
 + Level 3.4 Invocations
 + Level 1.0 Evocations


You had 11 spell levels left.
You knew the following spells:

 Your Spells              Type           Power        Failure   Level  Hunger
a - Magic Dart            Conj           ####         1%          1    None
b - Stone Arrow           Conj/Erth      #####.       1%          3    None
c - Mephitic Cloud        Conj/Pois/Air  ###.....     10%         3    None
d - Repel Missiles        Chrm/Air       ##....       10%         2    None
e - Sandblast             Erth           #####.       1%          1    None
l - Lee's Rapid Deconstr  Erth           #####.....   3%          5    #####..
p - Passwall              Tmut/Erth      ####......   1%          2    None


Dungeon Overview and Level Annotations

Branches:
Dungeon (10/15)            Temple (1/1) D:5
   Lair: D:8-11         Orc: D:9-12

Altars:
Ashenzari
Cheibriados
Dithmenos
Elyvilon
Fedhas
Gozag
Hepliaklqana
Kikubaaqudgha
Makhleb
Nemelex Xobeh
Okawaru
Qazlal
Ru
Sif Muna
Trog
Uskayaw
Vehumet
Xom
Yredelemnul
Zin
The Shining One

Shops:
D:5 :


Innate Abilities, Weirdness & Mutations

You are resistant to torment.
Your stone body is resilient. (AC +7)
You are immune to poison.
You resist negative energy. (rN+)
You are resistant to electric shocks. (rElec)
You can survive without breathing.
You are immune to petrification.
You are immune to rotting.


Message History

Casting: Stone Arrow
Confirm with . or Enter, or press ? or * to list all spells.
Aiming: Stone Arrow
Press: ? - help, Shift-Dir - straight line, f/p - centaur
Aim: a centaur, wielding a shortbow (heavily wounded)
The stone arrow hits something.
Something hits you.
* * * LOW HITPOINT WARNING * * *
The centaur shoots an arrow.
The arrow hits you.
* * * LOW HITPOINT WARNING * * *
Unknown command.
Unknown command.
Unknown command.
Unknown command.
Casting: Stone Arrow
Confirm with . or Enter, or press ? or * to list all spells.
Aiming: Stone Arrow
Press: ? - help, Shift-Dir - straight line, f/p - centaur
Aim: a centaur, wielding a shortbow (heavily wounded)
The stone arrow hits something.
Something hits you!
You die...

### #.. #.# #.#
#####.####
#.c(...c.#
#.###.##(# #{#
#.#..######### #@#
#?...((....... #.#
#.⌠...⌠...⌠... #.#
#......c.?.... #.#
#...⌠...⌠...⌠.
#.###.............
#.....⌠...⌠...⌠...
####..............
#....⌠...⌠...⌠.
#..............


You could see a centaur.

Vanquished Creatures
  A centaur warrior (D:9)
  Pikel (D:8)
  An orc knight (Bailey)
  A hill giant (D:10)
  Maurice (D:10)
  Joseph (D:8)
  Grinder (D:6)
  Prince Ribbit (D:9)
  2 hippogriffs (D:8)
  4 hogs (D:8)
  A human (D:8)
  A water moccasin (D:5)
  Duvessa (D:7)
  An ice beast (D:7)
  A sky beast (D:7)
  3 orc warriors
  A phantom (D:5)
  A necrophage (D:9)
  2 centaurs (D:7)
  7 ogres
  5 bullfrogs
  Dowan (D:7)
  5 scorpions
  3 killer bees (D:8)
  A howler monkey (D:7)
  4 crimson imps
  3 bullfrog zombies
  4 orc priests
  3 hounds
  A centaur skeleton (D:9)
  Jessica (D:2)
  An iguana (D:3)
  Ijyb (D:2)
  9 orc wizards
  5 worker ants
  2 hound skeletons
  A howler monkey skeleton (D:9)
  15 adders
  2 shadow imps
  5 oozes
  An adder zombie (D:5)
  4 worms
  2 dart slugs
  8 leopard geckos
  33 orcs
  4 giant cockroaches
  7 goblins
  7 hobgoblins
  7 jackals
  8 quokkas
  A ball python (D:2)
  7 bats
  6 frilled lizards
  A giant cockroach zombie (D:4)
  20 kobolds
  A leopard gecko zombie (D:5)
  6 rats
228 creatures vanquished.

Vanquished Creatures (others)
  A worker ant (D:8)
1 creature vanquished.

Grand Total: 229 creatures vanquished

Notes
Turn   | Place    | Note
-------+----------+-------------------------------------------
     0 | D:1      | nubinia the Gargoyle Earth Elementalist began the quest for the Orb.
     0 | D:1      | Reached XP level 1. HP: 10/10 MP: 3/3
   153 | D:1      | Reached XP level 2. HP: 15/15 MP: 0/5
   303 | D:1      | Reached skill level 4 in Earth Magic
   311 | D:1      | Learned a level 2 spell: Passwall
   896 | D:1      | Reached XP level 3. HP: 18/19 MP: 4/6
   901 | D:1      | Learned a level 3 spell: Stone Arrow
  1682 | D:2      | Reached XP level 4. HP: 21/24 MP: 0/8
  1966 | D:2      | Noticed Jessica
  1970 | D:2      | Killed Jessica
  2046 | D:2      | Found a faded altar of an unknown god.
  2046 | D:2      | Found a faded altar of an unknown god.
  2144 | D:2      | Reached skill level 1 in Maces & Flails
  2150 | D:2      | Noticed Ijyb
  2160 | D:2      | Killed Ijyb
  2160 | D:2      | Reached XP level 5. HP: 28/28 MP: 3/9
  2340 | D:2      | Reached skill level 5 in Earth Magic
  2597 | D:2      | Found a burning altar of Makhleb.
  2599 | D:2      | Found a faded altar of an unknown god.
  2601 | D:2      | Found a faded altar of an unknown god.
  3312 | D:3      | Found a hazy altar of Hepliaklqana.
  3547 | D:3      | Reached XP level 6. HP: 33/33 MP: 8/11
  3577 | D:3      | Learned a level 5 spell: Lee's Rapid Deconstruction
  4110 | D:4      | Found a hide-covered altar of Uskayaw.
  4866 | D:4      | Reached XP level 7. HP: 36/37 MP: 11/14
  5052 | D:5      | Entered Level 5 of the Dungeon
  5062 | D:5      | Found a white marble altar of Elyvilon.
  5134 | D:5      | Reached skill level 6 in Earth Magic
  5151 | D:5      | Reached skill level 5 in Spellcasting
  5335 | D:5      | Found a staircase to the Ecumenical Temple.
  5349 | Temple   | Entered the Ecumenical Temple
  5545 | D:5      | Found Uhionogu's Book Emporium.
  5599 | Temple   | Became a worshipper of Zin the Law-Giver
  5599 | Temple   | Reached * piety under Zin
  5631 | D:5      | Reached skill level 1 in Conjurations
  5674 | D:5      | Found a stormy altar of Qazlal.
  5698 | D:5      | Reached skill level 7 in Earth Magic
  5878 | D:5      | Reached XP level 8. HP: 26/42 MP: 9/16
  6378 | D:6      | Noticed Grinder
  6454 | D:6      | Killed Grinder
  6454 | D:6      | Reached skill level 8 in Earth Magic
  6601 | D:6      | Reached ** piety under Zin
  6888 | D:5      | Bought a book of Minor Magic for 200 gold pieces
  6890 | D:5      | Learned a level 1 spell: Magic Dart
  6893 | D:5      | Learned a level 2 spell: Repel Missiles
  6897 | D:5      | Learned a level 3 spell: Mephitic Cloud
  7305 | D:6      | Reached skill level 1 in Invocations
  7547 | D:7      | Noticed Duvessa
  7559 | D:7      | Found a flagged portal.
  7560 | D:7      | Noticed Dowan
  7568 | Bailey   | Entered a bailey
  7740 | Bailey   | Reached XP level 9. HP: 46/46 MP: 19/19
  7797 | Bailey   | Found a bloodstained altar of Trog.
  7797 | Bailey   | Noticed an orc knight
  7998 | Bailey   | Killed an orc knight
  7998 | Bailey   | Reached skill level 9 in Earth Magic
  8127 | Bailey   | Reached *** piety under Zin
  8127 | Bailey   | Reached **** piety under Zin
  8127 | Bailey   | Reached ***** piety under Zin
  8206 | D:7      | Killed Duvessa
  8403 | D:7      | Reached skill level 1 in Air Magic
  8403 | D:7      | Reached skill level 1 in Poison Magic
  8451 | D:7      | Killed Dowan
  8699 | D:7      | Found a snail-covered altar of Cheibriados.
  8789 | D:7      | Reached skill level 1 in Evocations
  9081 | D:8      | Reached skill level 1 in Fighting
  9263 | D:8      | Reached skill level 5 in Conjurations
  9263 | D:8      | Reached XP level 10. HP: 51/52 MP: 21/22
  9281 | D:8      | Noticed Pikel
  9306 | D:8      | Killed Pikel
  9306 | D:8      | Reached skill level 1 in Axes
  9702 | D:8      | Noticed Joseph
  9735 | D:8      | Killed Joseph
  9877 | D:8      | Found a basalt altar of Yredelemnul.
  9886 | D:8      | Found a glowing golden altar of the Shining One.
  9888 | D:8      | Noticed an angel
  9965 | D:8      | Reached skill level 10 in Earth Magic
 10322 | D:9      | Reached ****** piety under Zin
 10356 | D:9      | Noticed Prince Ribbit
 10370 | D:9      | Killed Prince Ribbit
 10437 | D:9      | Found a deep blue altar of Sif Muna.
 10520 | D:9      | Noticed a centaur warrior
 10525 | D:9      | Zin protects you from harm!
 10893 | D:9      | Killed a centaur warrior
 11146 | D:9      | Reached skill level 5 in Axes
 11146 | D:9      | Reached XP level 11. HP: 58/58 MP: 23/23
 11416 | D:5      | Bought a book of Conjurations for 300 gold pieces
 11637 | D:10     | Entered Level 10 of the Dungeon
 11638 | D:10     | Noticed a hill giant
 11644 | D:10     | Killed a hill giant
 11756 | D:10     | Noticed Maurice
 11770 | D:10     | Killed Maurice
 11885 | D:10     | HP: 2/59 [centaur/arrow (5)]
 11886 | D:10     | Slain by an unseen horror

Skill      XL: |  1  2  3  4  5  6  7  8  9 10 11 |
---------------+----------------------------------+-----
Earth Magic    | 4 5 7 8 9 10 | 10.2
Spellcasting   | 3 4 5 6 8 9 |  9.2
Maces & Flails | 1 |  1.5
Dodging        | 2 3 |  3.2
Stealth        | 3 4 |  4.3
Conjurations   | 1 2 5 6 |  6.1
Invocations    | 1 2 3 |  3.4
Air Magic      | 1 |  1.4
Poison Magic   | 1 |  1.8
Evocations     | 1 |  1.0
Fighting       | 1 2 |  2.7
Axes           | 5 |  5.3
Staves         | |  0.6
Charms         | |  0.5
Transmutations | |  0.7

Action                   |  1- 3 |  4- 6 |  7- 9 | 10-12 || total
-------------------------+-------+-------+-------+-------++-------
Melee: Club              |    42 |       |       |       ||    42
       Whip              |    31 |    84 |       |       ||   115
       Staff             |       |       |     3 |     5 ||     8
       Broad axe         |       |       |       |    82 ||    82
 Cast: Sandblast         |    48 |   103 |    70 |       ||   221
       Stone Arrow       |       |     2 |   117 |    50 ||   169
       Magic Dart        |       |       |    94 |    12 ||   106
       Repel Missiles    |       |       |     2 |       ||     2
       Mephitic Cloud    |       |       |     5 |     8 ||    13
       Lee's Rapid Decon |       |       |     5 |     2 ||     7
Invok: Recite            |       |       |     4 |     9 ||    13
 Abil: Evoke Flight      |       |       |     2 |       ||     2
  Use: Scroll            |     2 |     3 |    10 |       ||    15
       Potion            |       |     1 |     5 |     4 ||    10
 Stab: Sleeping          |     3 |     5 |       |       ||     8
       Confused          |       |       |       |     6 ||     6
       Paralysed         |       |       |       |     2 ||     2
       Invisible         |       |       |       |     1 ||     1
  Eat: Chunk             |     3 |    10 |     9 |     4 ||    26
       Fruit             |       |       |     3 |       ||     3
       Meat ration       |       |       |     1 |     1 ||     2
       Pizza             |       |       |     1 |       ||     1
Armor: Robe              |    30 |    50 |    53 |    45 ||   178
Dodge: Dodged            |    68 |    80 |    83 |    55 ||   286
       Deflected         |       |       |     6 |     1 ||     7
